 Dungeon Sprint DCSS version 0.16-a0-4078-g0e80503 (console) character file.

3200000 Monkaria the Axe Maniac (level 16, -37/162 (163) HPs)
             Began as a Ghoul Gladiator on Feb 22, 2015.
             Was a High Priest of Makhleb.
             Annihilated by a destroyer
             ... wielding a +9 great sword of slicing
              (40 damage)
             ... in the Dungeon (Sprint VIII: "Arena of Blood").
             The game lasted 00:01:01 (32 turns).

Monkaria the Axe Maniac (Ghoul Gladiator)             Turns: 32, Time: 00:01:01

HP:   -37/162 (163) AC:  4    Str: 21    XL:     16   Next: 97%
MP:   11/11         EV: 23    Int:  7    God:    Makhleb [*****.]
Gold: 0             SH:  0    Dex: 10    Spells: 0 memorised, 15 levels left

rFire  . . .     SeeInvis .     i - +∞ Axe of Woe
rCold  + . .     Clarity  .     b - +0 leather armour
rNeg   + + +     SustAb   .     (no shield)
rPois  ∞         Gourm    .     c - +0 helmet
rElec  .         Spirit   .     (no cloak)
rCorr  .         Warding  .     (no gloves)
rMut   .         NoTele   +     (no boots)
MR     +....                    (no amulet)
Stlth  +.........               n - +30 ring of slaying
                                k - +200 ring of slaying

@: rotting, somewhat resistant to hostile enchantments, very unstealthy
A: rotting body, claws 1, carnivore 3, cold resistance 1, negative energy
resistance 3, poison resistance, slow healing 1, torment resistance, unbreathing
a: Minor Destruction, Lesser Servant of Makhleb, Major Destruction, Greater
Servant of Makhleb, Renounce Religion


You were in the Dungeon.
You worshipped Makhleb.
Makhleb was extremely pleased with you.
You were not hungry.

You visited 1 branch

Inventory:

Hand weapons
 a - a +0 war axe
 i - the +∞ Axe of Woe (weapon)
   (You found it in the Dungeon)
Missiles
 d - 3 throwing nets (quivered)
Armour
 b - a +0 leather armour (worn)
 c - a +0 helmet (worn)
Jewellery
 k - a +200 ring of slaying (left claw)
 n - a +30 ring of slaying (right claw)
Scrolls
 j - a scroll of blinking
Potions
 e - a potion of curing
 f - a potion of heal wounds
 g - a potion of haste
 h - 2 potions of magic


   Skills:
 + Level 20.2 Fighting
 O Level 27 Axes
 - Level 15.4 Throwing
 - Level 25.6 Dodging


You had 15 spell levels left.
You didn't know any spells.

Dungeon Overview and Level Annotations

Branches:
Dungeon (1/1)

Altars:
Makhleb


Innate Abilities, Weirdness & Mutations

Your body is rotting away.
You thrive on raw meat.
You have sharp fingernails.
You are carnivorous and can eat meat at any time.
Your flesh is cold resistant.
You are immune to negative energy.
Your system is resistant to poisons.
You heal slowly when monsters are visible.
You are immune to unholy pain and torment.
You can survive without breathing.


Message History

You hear a shout! x10
You hear a shout! x11
There is a burning altar of Makhleb, spattered with blood here.
Unknown command.
Unknown command.
Put on which piece of jewellery? (? for menu, Esc to quit)
n - a +30 ring of slaying (right claw)
The bag of meat shouts!
You hear a shout!
You hear a shout!
You hear a shout!
You hear a shout! x2
You hear a shout! x10
The destroyer appears out of thin air!
A destroyer comes into view.
It is wielding a +9 great sword of slicing.
You hear a shout!
Items here: )))) == †† You feel your flesh rotting away.
You hear a shout! x7
The destroyer hits you with a +9 great sword of slicing!!!!!
Ouch! That really hurt!
* * * LOW HITPOINT WARNING * * *
You die...

.. ..... #.. ...#
#.. ...# .###..
...###..
......###......
......_.....
#....)# #_.<=_#
#..@V)#
o....o.._.......O..
......###........
.###.. ...###...
#.. ...# .. #.
....# .. ..... .
...... ...


You could see a destroyer, a meat berserker (berserk) and 2 bags of meat.

Vanquished Creatures
  2 ogres (D)
  9 orcs (D)
  A vampire knight (D)
12 creatures vanquished.

Notes
Turn   | Place    | Note
--------------------------------------------------------------
     0 | D        | Monkaria, the Ghoul Gladiator, began the quest for the Orb.
     0 | D        | Reached XP level 1. HP: 17/17 MP: 1/1
     2 | D        | Noticed a bag of meat
     2 | D        | Noticed a bag of meat
     3 | D        | Became a worshipper of Makhleb the Destroyer
     4 | D        | Noticed a bag of meat
     4 | D        | Noticed a bag of meat
     5 | D        | Noticed a bag of meat
     5 | D        | Noticed a bag of meat
     6 | D        | Noticed a bag of meat
     6 | D        | Noticed a meat berserker
     7 | D        | Noticed a bag of meat
     9 | D        | Killed a meat berserker
     9 | D        | Reached skill level 11 in Fighting
     9 | D        | Reached skill level 16 in Axes
     9 | D        | Reached skill level 15 in Dodging
     9 | D        | Reached XP level 2. HP: 20/40 MP: 2/2
     9 | D        | Reached XP level 3. HP: 23/47 MP: 3/3
     9 | D        | Reached XP level 4. HP: 26/55 MP: 3/3
     9 | D        | Reached XP level 5. HP: 28/60 MP: 4/4
     9 | D        | Reached XP level 6. HP: 31/68 MP: 5/5
     9 | D        | Reached XP level 7. HP: 33/74 MP: 5/5
     9 | D        | Reached XP level 8. HP: 36/82 MP: 6/6
     9 | D        | Reached XP level 9. HP: 39/89 MP: 7/7
     9 | D        | Reached XP level 10. HP: 41/95 MP: 7/7
     9 | D        | Reached XP level 11. HP: 44/102 MP: 8/8
     9 | D        | Killed a bag of meat
     9 | D        | Acquired Makhleb's first power
     9 | D        | Reached skill level 18 in Axes
     9 | D        | Reached skill level 10 in Throwing
     9 | D        | Reached XP level 12. HP: 47/113 MP: 9/9
     9 | D        | Killed a bag of meat
     9 | D        | Reached skill level 19 in Axes
     9 | D        | Reached XP level 13. HP: 49/123 MP: 9/9
    10 | D        | Noticed a bag of meat
    10 | D        | Killed a bag of meat
    10 | D        | Acquired Makhleb's second power
    10 | D        | Reached skill level 20 in Axes
    10 | D        | Reached XP level 14. HP: 110/133 MP: 10/10
    10 | D        | Killed a bag of meat
    10 | D        | Reached skill level 15 in Fighting
    10 | D        | Reached skill level 21 in Axes
    10 | D        | Killed a bag of meat
    10 | D        | Acquired Makhleb's third power
    10 | D        | Reached skill level 22 in Axes
    10 | D        | Reached XP level 15. HP: 141/144 MP: 11/11
    11 | D        | Killed a bag of meat
    11 | D        | Reached skill level 23 in Axes
    11 | D        | Killed a bag of meat
    11 | D        | Reached skill level 24 in Axes
    12 | D        | Noticed a meat berserker
    12 | D        | Killed a bag of meat
    12 | D        | Acquired Makhleb's fourth power
    12 | D        | Reached skill level 25 in Axes
    12 | D        | Reached XP level 16. HP: 155/157 MP: 11/11
    16 | D        | Killed a bag of meat
    18 | D        | Killed a meat berserker
    18 | D        | Reached skill level 26 in Axes
    18 | D        | Reached skill level 15 in Throwing
    20 | D        | Noticed a destroyer
    23 | D        | Killed a destroyer
    23 | D        | Acquired Makhleb's fifth power
    23 | D        | Reached skill level 27 in Axes
    29 | D        | Noticed a bag of meat
    32 | D        | Noticed a destroyer
    32 | D        | HP: 3/162 [destroyer/+9 great sword of slicing (144)]
    32 | D        | Annihilated by a destroyer

Action                   |  1- 3 |  4- 6 |  7- 9 | 10-12 | 13-15 | 16-18 || total
-------------------------+-------+-------+-------+-------+-------+-------++-------
Melee: Executioner's axe |     1 |       |       |       |     3 |     3 ||     7
